 Dungeon Crawl Stone Soup version 0.28.0-43-g3370ac3207 (webtiles) character file.

Game seed: 3688233613835742388

86 Ablot the Grasshopper (level 4, -6/38 HPs)
             Began as a Gnoll Warper on Mar 29, 2022.
             Killed from afar by Natasha (10 damage)
             ... with a magic dart
             ... on level 2 of the Dungeon.
             The game lasted 00:02:10 (2172 turns).

Ablot the Grasshopper (Gnoll Warper)                Turns: 2172, Time: 00:02:10

Health: -6/38      AC:  5    Str: 12    XL:     4   Next: 49%
Magic:  11/11      EV: 12    Int: 13    God:
Gold:   34         SH:  0    Dex: 11    Spells: 11/13 levels left

rFire   . . .      SeeInvis .   a - +0 spear
rCold   . . .      Faith    .   (no shield)
rNeg    . . .      Spirit   .   b - +0 leather armour
rPois   .          Reflect  .   m - +0 helmet
rElec   .          Harm     .   (no cloak)
rCorr   .          Rampage  .   g - +0 pair of gloves
Will    .....                   (no boots)
Stlth   +.........              (no amulet)
HPRegen 0.12/turn               (no ring)
MPRegen 0.12/turn               (no ring)

@: slowed, very slow
A: fangs 1, strong nose, distributed training
a: no special abilities


You were on level 2 of the Dungeon.
You visited 1 branch of the dungeon, and saw 2 of its levels.

You collected 45 gold pieces.
You spent 11 gold pieces at shops.

Inventory:

Hand Weapons
 a - a +0 spear (weapon)
Missiles
 d - 5 boomerangs of dispersal
 e - 2 javelins
 h - a stone
 i - 3 poisoned darts (quivered)
Armour
 b - a +0 leather armour (worn)
 g - a +0 pair of gloves (worn)
 m - a +0 helmet (worn)
Scrolls
 c - a scroll of blinking
 f - a scroll of silence {unknown}
 j - a scroll of teleportation {unknown}
 k - a scroll of amnesia {unknown}
 n - a scroll of identify {unknown}
Potions
 l - a potion of cancellation {unknown}


   Skills:
 + Level 4.6 Fighting
 + Level 1.1 Short Blades
 + Level 1.1 Long Blades
 + Level 1.1 Axes
 + Level 1.1 Maces & Flails
 + Level 4.6 Polearms
 + Level 1.1 Staves
 + Level 1.1 Slings
 + Level 1.1 Bows
 + Level 1.1 Crossbows
 + Level 2.7 Throwing
 + Level 2.7 Armour
 + Level 4.6 Dodging
 + Level 1.1 Stealth
 + Level 1.1 Shields
 + Level 1.1 Unarmed Combat
 + Level 5.1 Spellcasting
 + Level 0.9 Conjurations
 + Level 0.9 Hexes
 + Level 0.9 Summonings
 + Level 0.9 Necromancy
 + Level 5.4 Translocations
 + Level 0.9 Transmutations
 + Level 0.9 Fire Magic
 + Level 0.9 Ice Magic
 + Level 0.9 Air Magic
 + Level 0.9 Earth Magic
 + Level 0.9 Poison Magic
 + Level 1.2 Invocations
 + Level 1.1 Evocations


You had 11 spell levels left.
You knew the following spells:

 Your Spells              Type           Power      Damage    Failure   Level
a - Blink                 Tloc           34%        N/A       3%          2

Your spell library contained the following spells:

 Spells                   Type           Power      Damage    Failure   Level
 Gell's Gravitas          Tloc           17%        N/A       8%          3
 Lesser Beckoning         Tloc           17%        N/A       8%          3
 Teleport Other           Tloc           17%        N/A       8%          3
 Manifold Assault         Tloc           17%        N/A       56%         5


Dungeon Overview and Level Annotations

Branches:
Dungeon (2/15)

Altars:
Kikubaaqudgha

Shops:
D:1 *

Annotations:
D:2 1 runed translucent door, Crazy Yiuf, Natasha


Innate Abilities, Weirdness & Mutations

You have very sharp teeth.
Your uncanny sense of smell can sniff out nearby items.
Your experience applies equally to all skills.


Message History

You hit Natasha but do no damage. You bite Natasha.
Natasha is heavily wounded.
Natasha casts a spell at you. The magic dart hits you.
Natasha mumbles some strange words.
You hit Natasha.
Natasha is almost dead.
Natasha claws you.
You closely miss Natasha.
Natasha is almost dead.
Natasha growls.
Natasha claws you. The white imp misses you.
You barely miss Natasha.
Natasha is almost dead.
Natasha casts a spell at you. You resist with some effort.
The white imp closely misses you.
Natasha mumbles some strange words.
You miss Natasha.
Natasha is almost dead.
The white imp hits you but does no damage.
Natasha closely misses you.
The iron imp picks up a beetle and eats it.
You hit Natasha.
Natasha is almost dead.
Natasha completely misses you.
You completely miss Natasha.
Natasha is almost dead.
Natasha misses you. The white imp hits you. The white imp freezes you.
You hit Natasha.
Natasha is almost dead.
Natasha claws you but does no damage. The iron imp hits you!
* * * LOW HITPOINT WARNING * * *
The white imp gestures at you. The puff of frost hits you.
* * * LOW HITPOINT WARNING * * *
You hit Natasha but do no damage.
Natasha is almost dead.
Natasha casts a spell at you. The magic dart hits you!
You die...

.[...................# +#
###.#####............# ♣♣.
.......##............# ♣.♣
###.#.##...........#.# ♣♣.♣
#.#.##.............# ♣.♣♣
###.#.##...........### ♣♣†♣♣
.......#...........### ♣...♣♣
#####....#'#.....5...# ♣....♣
...........#....@5...# #....#
#####.#..#.#....h....###....###
.........#.#.........##.......#
......#..###.........##.......#
.....................##..#...##
.........#####'###...........#
..........†..............#.#.#
........#.####.###.####..#.#...
............##.#..... ...# . .#


You could see an iron imp (summoned), Natasha and a white imp (summoned).

Vanquished Creatures
  Natasha (D:2)
  An adder (D:2)
  A worm (D:2)
  A dart slug (D:1)
  7 endoplasms
  3 goblins
  8 hobgoblins
  4 jackals (D:1)
  4 kobolds (D:1)
  A quokka (D:1)
  3 ball pythons
  3 bats
  2 frilled lizards
  2 rats
41 creatures vanquished.

Vanquished Creatures (others)
  A demonic plant (D:1)
1 creature vanquished.

Grand Total: 42 creatures vanquished

Notes
Turn   | Place    | Note
-------+----------+-------------------------------------------
     0 | D:1      | Ablot the Gnoll Warper began the quest for the Orb.
     0 | D:1      | Reached XP level 1. HP: 20/20 MP: 6/6
   209 | D:1      | Reached XP level 2. HP: 23/26 MP: 7/7
   212 | D:1      | Learned a level 2 spell: Blink
   542 | D:1      | Found Xeagiy's General Store.
   549 | D:1      | Bought a scroll of noise for 11 gold pieces
   599 | D:1      | Reached XP level 3. HP: 30/31 MP: 9/9
   791 | D:1      | Reached skill level 5 in Spellcasting
   898 | D:1      | Found a faded altar of an unknown god.
  1337 | D:2      | Found an ancient bone altar of Kikubaaqudgha.
  1371 | D:2      | Reached skill level 1 in Invocations
  1801 | D:2      | Noticed Natasha
  1816 | D:2      | Killed Natasha
  1817 | D:2      | Reached skill level 1 in Short Blades
  1817 | D:2      | Reached skill level 1 in Long Blades
  1817 | D:2      | Reached skill level 1 in Axes
  1817 | D:2      | Reached skill level 1 in Maces & Flails
  1817 | D:2      | Reached skill level 1 in Staves
  1817 | D:2      | Reached skill level 1 in Slings
  1817 | D:2      | Reached skill level 1 in Bows
  1817 | D:2      | Reached skill level 1 in Crossbows
  1817 | D:2      | Reached skill level 1 in Stealth
  1817 | D:2      | Reached skill level 1 in Shields
  1817 | D:2      | Reached skill level 1 in Unarmed Combat
  1817 | D:2      | Reached skill level 1 in Evocations
  1817 | D:2      | Reached XP level 4. HP: 16/38 MP: 11/11
  1838 | D:2      | Noticed Natasha
  1865 | D:2      | Found a runed translucent door.
  2045 | D:2      | Noticed Crazy Yiuf
  2172 | D:2      | Killed from afar by Natasha

Illustrated notes

Levels and vault maps discovered:
D:1:      wheals_arrival_linesprint, layout_loops_ring,
          dreamdust_ecumenical_altar_sealed_demon, serial_shops, shop,
          chequers_serial_rivers_micro_e
D:2:      layout_basic, basic_altar, serial_shops, shop, amethyst_killhole,
          uniq_crazy_yiuf_cottage, uniq_natasha

Skill      XL: |  1  2  3 |
---------------+----------+-----
Spellcasting   | 5 |  5.1
Invocations    | 1 |  1.2
Short Blades   | 1 |  1.1
Long Blades    | 1 |  1.1
Axes           | 1 |  1.1
Maces & Flails | 1 |  1.1
Staves         | 1 |  1.1
Slings         | 1 |  1.1
Bows           | 1 |  1.1
Crossbows      | 1 |  1.1
Stealth        | 1 |  1.1
Shields        | 1 |  1.1
Unarmed Combat | 1 |  1.1
Evocations     | 1 |  1.1
Fighting       | |  4.6
Polearms       | |  4.6
Throwing       | |  2.7
Armour         | |  2.7
Dodging        | |  4.6
Conjurations   | |  0.9
Hexes          | |  0.9
Summonings     | |  0.9
Necromancy     | |  0.9
Translocations | |  5.4
Transmutations | |  0.9
Fire Magic     | |  0.9
Ice Magic      | |  0.9
Air Magic      | |  0.9
Earth Magic    | |  0.9
Poison Magic   | |  0.9

Action                   |  1- 3 |  4- 6 || total
-------------------------+-------+-------++-------
Melee: Spear             |   130 |    39 ||   169
       Bite              |     5 |     1 ||     6
       Punch             |     1 |       ||     1
 Stab: Sleeping          |     1 |     1 ||     2
Armor: Leather armour    |    22 |    10 ||    32
Dodge: Dodged            |    36 |    23 ||    59
